 Dungeon Crawl Stone Soup version 0.24-a0-500-g46574c2197 (webtiles) character file.

Game seed: 9055752589599138779

102 hairmachine the Chiller (level 4, -12/30 HPs)
             Began as a Merfolk Ice Elementalist on July 15, 2019.
             Splashed by Ijyb's acid (16 damage)
             ... on level 3 of the Dungeon.
             The game lasted 00:24:10 (4828 turns).

hairmachine the Chiller (Merfolk Ice Elementalist)  Turns: 4828, Time: 00:24:11

Health: -12/30     AC: -2    Str:  6 (8)  XL:     4   Next: 77%
Magic:  6/7        EV: 12    Int: 14 (15) God:
Gold:   89         SH:  0    Dex: 11 (14) Spells: 2/8 levels left

rFire    . . .     SeeInvis .   (no weapon)
rCold    . . .     Gourm    .   (no shield)
rNeg     . . .     Faith    .   a - +0 robe
rPois    .         Spirit   .   (no helmet)
rElec    .         Reflect  .   (no cloak)
rCorr    .         Harm     .   (no gloves)
MR       .....                  (no boots)
Stlth    ++........             (no amulet)
HPRegen  0.10/turn              (no ring)
MPRegen  0.10/turn              (no ring)

@: corroded
A: change form in water, swift swim, stealthy swim
a: no special abilities


You were on level 3 of the Dungeon.
You were very hungry.

You visited 1 branch of the dungeon, and saw 3 of its levels.

You collected 89 gold pieces.

Inventory:

Missiles
 i - 63 stones (quivered)
 n - 4 poisoned darts
Armour
 a - a +0 robe (worn)
Jewellery
 d - an uncursed ring of protection from cold
Scrolls
 b - 2 scrolls of amnesia
 e - 3 scrolls of enchant armour
 f - a scroll of fear {unknown}
 h - 2 scrolls of identify
 j - a scroll of remove curse
 k - 2 scrolls of blinking {unknown}
Comestibles
 c - 2 rations


   Skills:
 - Level 2.6 Dodging
 - Level 2.1 Stealth
 + Level 2.6 Spellcasting
 - Level 0.7 Conjurations
 + Level 1.4 Charms
 * Level 5.1 Ice Magic


You had 2 spell levels left.
You knew the following spells:

 Your Spells              Type           Power        Failure   Level  Hunger
a - Freeze                Ice            ###.         2%          1    #......
b - Throw Frost           Conj/Ice       ##....       10%         2    ###....
c - Ozocubu's Armour      Chrm/Ice       ##......     17%         3    ###....

Your spell library contained the following spells:

 Spells                   Type           Power        Failure   Level  Hunger
 Throw Icicle             Conj/Ice       ##......     54%         4    #####..
 Summon Ice Beast         Ice/Summ       #.......     61%         4    #####..


Dungeon Overview and Level Annotations

Branches:
Dungeon (3/15)

Altars:
Fedhas

Annotations:
D:2 exclusion: downstairs, Purgy, Sigmund
D:3 Ijyb, Robin, Terence


Message History

Orders for allies: a - Attack new target. r - Retreat! s - Stop attacking. g - Guard the area. f - Follow me.
Anything else - Cancel.
You shout for attention!
You hear a shout!
Ijyb hits you with a +0 dagger.
You see here a +0 dagger.
Casting: Freeze (safe; 2% risk of failure)
Confirm with . or Enter, or press ? or * to list all spells.
Aiming: Freeze (safe; 2% risk of failure)
Press: ? - help, Shift-Dir - straight line, f - Ijyb
Aim: Ijyb, wielding a +0 dagger, wearing a +1 leather armour of cold resistance and carrying a wand of acid (8) Ijyb resists.
You freeze Ijyb.
Ijyb is lightly wounded.
Ijyb zaps a wand.
The bolt of acid hits you!!
Ouch! That really hurt!
* * * LOW HITPOINT WARNING * * *
The acid corrodes you!
You are splashed with acid!
Ouch! That really hurt!
You die...

# #...........## # #............#
# ##.#########.# ######### #
#.#......##.# #........ #
#.#....).##.# #........ #
#.#......##.## #........ #
#.#......##..# #........
####.#......###.#########........
................@...).).'..>.....
.....#......###g#########........
.#####......# #..# ###.##### .#
#......# ##.## #.# ## #......#
#..# #.# ............# ##g#
####.# ..........### (.. #....#
..........# ....# ####.#
..........# ###.# #.#


You could see Ijyb.

Vanquished Creatures
  An adder (D:2)
  2 oozes
  2 worms
  A leopard gecko (D:1)
  3 orcs (D:3)
  3 giant cockroaches
  11 goblins
  12 hobgoblins
  4 jackals (D:1)
  4 kobolds
  A ball python (D:1)
  7 bats
  13 frilled lizards
  7 rats
71 creatures vanquished.

Vanquished Creatures (others)
  4 plants (D:1)
4 creatures vanquished.

Grand Total: 75 creatures vanquished

Notes
Turn   | Place    | Note
-------+----------+-------------------------------------------
     0 | D:1      | hairmachine the Merfolk Ice Elementalist began the quest
                  | for the Orb.
     0 | D:1      | Reached XP level 1. HP: 13/13 MP: 3/3
   371 | D:1      | Reached XP level 2. HP: 19/19 MP: 1/5
   418 | D:1      | Learned a level 2 spell: Throw Frost
   453 | D:1      | Reached skill level 4 in Ice Magic
   987 | D:1      | Reached XP level 3. HP: 24/24 MP: 4/6
  1105 | D:1      | Learned a level 3 spell: Ozocubu's Armour
  2215 | D:2      | Found a blossoming altar of Fedhas.
  2415 | D:2      | Noticed Sigmund
  2770 | D:2      | Reached skill level 1 in Charms
  2770 | D:2      | Reached XP level 4. HP: 27/30 MP: 0/7
  3125 | D:3      | Noticed Purgy
  3129 | D:3      | Noticed Ijyb
  3859 | D:3      | Reached skill level 5 in Ice Magic
  4182 | D:3      | Noticed Terence
  4223 | D:3      | Noticed Robin
  4526 | D:2      | HP: 1/30 [Purgy (3)]
  4828 | D:3      | Splashed by Ijyb's acid

Levels and vault maps discovered:
D:1:      eino_arrival_druids_welcome, layout_loops_ring, minmay_lizard_king
D:2:      layout_basic, fedhas_altar_3, uniq_sigmund
D:3:      layout_basic, nicolae_overflow_crystal_walls, first_ration,
          uniq_robin, uniq_terence, uniq_purgy, uniq_ijyb

Skill      XL: |  1  2  3  4 |
---------------+-------------+-----
Ice Magic      | 4 5 |  5.1
Charms         | 1 |  1.4
Dodging        | |  2.6
Stealth        | |  2.1
Spellcasting   | |  2.6
Conjurations   | |  0.7

Action                   |  1- 3 |  4- 6 || total
-------------------------+-------+-------++-------
Melee: Unarmed           |     4 |    25 ||    29
Throw: Stone             |     7 |     7 ||    14
 Cast: Freeze            |    62 |    51 ||   113
       Throw Frost       |     8 |     5 ||    13
       Ozocubu's Armour  |       |     1 ||     1
  Use: Scroll            |     4 |       ||     4
       Potion            |       |     3 ||     3
  Eat: Chunk             |     7 |     3 ||    10
       Ration            |       |     1 ||     1
Armor: Robe              |     9 |    15 ||    24
Dodge: Dodged            |    30 |    57 ||    87

Table legend:
 A = Non-vault XP
 B = Vault XP
 C = Vault XP percentage of total XP
 D = Non-vault monster count
 E = Vault monster count
 F = Vault count percentage of total count
                 A         B        C        D         E       F
            +---------+---------+-------+---------+---------+-------
      Total |     111 |      35 |  24.0 |      48 |      23 |  32.4
            +---------+---------+-------+---------+---------+-------
        D:1 |      46 |      14 |  23.3 |      24 |      12 |  33.3
        D:2 |      37 |       0 |   0.0 |      12 |       0 |   0.0
        D:3 |      28 |      21 |  42.9 |      12 |      11 |  47.8
            +---------+---------+-------+---------+---------+-------
